 Dungeon Crawl Stone Soup version 0.19-a0-1821-g42c593c (webtiles) character file.

4043 CountDeLaPain the Slicer (level 10, -4/59 HPs)
             Began as a Halfling Fighter on Oct 6, 2016.
             Was a Priest of Hepliaklqana.
             Splashed by Maurice's acid (11 damage)
             ... on level 8 of the Dungeon.
             The game lasted 00:38:06 (10347 turns).

CountDeLaPain the Slicer (Halfling Fighter)        Turns: 10347, Time: 00:38:07

Health: -4/59      AC:  8    Str: 17    XL:     10   Next: 48%
Magic:  10/10      EV: 10    Int:  8    God:    Hepliaklqana [***...]
Gold:   388        SH: 11    Dex: 16    Spells: 0 memorised, 9 levels left

rFire  . . .     SeeInvis .     a - +1 rapier
rCold  . . .     Gourm    .     H - +0 chain mail
rNeg   . . .     Faith    .     c - +0 shield
rPois  .         Spirit   .     i - +2 helmet
rElec  .         Dismiss  .     (no cloak)
rCorr  .         Reflect  .     y - +0 pair of gloves
MR     .....     Harm     .     j - +0 pair of boots
Stlth  ..........               (no amulet)
                                E - ring of flight
                                (no ring)

@: corroded
A: reduced essence, mutation resistance 1
a: Recall Ancestor, Ancestor Identity, Transference, Renounce Religion, Evoke
Flight


You were on level 8 of the Dungeon.
You worshipped Hepliaklqana.
Hepliaklqana was most pleased with you.
You were not hungry.

You visited 2 branches of the dungeon, and saw 9 of its levels.
You also visited: Ossuary.

You collected 388 gold pieces.

Inventory:

Hand Weapons
 a - a +1 rapier (weapon)
Armour
 b - a +0 scale mail
 c - a +0 shield (worn)
 i - a +2 helmet (worn)
 j - a +0 pair of boots (worn)
 y - a +0 pair of gloves (worn)
 H - a +0 chain mail (worn)
Jewellery
 q - a +3 amulet of reflection {unknown}
 x - an uncursed amulet of faith {unknown}
 E - a ring of flight (right hand)
Wands
 d - a wand of enslavement (10/24)
Scrolls
 h - 2 scrolls of amnesia
 m - 4 scrolls of identify
 o - a scroll of fear {unknown}
 p - 5 scrolls of remove curse
 s - 2 scrolls of enchant weapon
 C - a scroll of immolation {unknown}
 F - 2 scrolls of magic mapping {unknown}
 I - a scroll of silence {unknown}
Potions
 e - 3 potions of brilliance
 g - a potion of berserk rage {unknown}
 l - a potion of agility {unknown}
 t - 3 potions of magic
 v - 2 potions of flight
 w - 5 potions of curing
 z - a potion of invisibility
 A - a potion of haste {unknown}
 D - a potion of beneficial mutation {unknown}
Comestibles
 f - 8 bread rations
 k - 7 beef jerkies
 n - 6 fruits
 r - 4 slices of pizza
 u - a meat ration
 B - a royal jelly
 G - 2 chunks of flesh


   Skills:
 + Level 5.0 Fighting
 + Level 11.1 Short Blades
 + Level 7.8 Armour
 + Level 4.2 Dodging
 + Level 8.1 Shields


You had 9 spell levels left.
You didn't know any spells.

Dungeon Overview and Level Annotations

Branches:
Dungeon (8/15)             Temple (1/1) D:4
   Lair: D:8-11

Altars:
Ashenzari
Cheibriados
Dithmenos
Elyvilon
Fedhas
Gozag
Hepliaklqana
Kikubaaqudgha
Makhleb
Nemelex Xobeh
Okawaru
Qazlal
Ru
Sif Muna
Trog
Uskayaw
Vehumet
Xom
Yredelemnul
Zin
The Shining One

Annotations:
D:8 Maurice


Innate Abilities, Weirdness & Mutations

You are small and have problems with some larger weapons.
You are somewhat resistant to further mutation.
Your life essence is reduced. (-10% HP)


Message History

Erdrick hits something but does no damage.
Your shield and chain mail prevent you from hitting something.
Your chain mail prevents you from hitting something.
Erdrick hits something but does no damage.
Something closely misses Erdrick.
You hit something but do no damage.
Your chain mail prevents you from hitting something.
Erdrick casts a spell at something.
Your shield and chain mail prevent you from hitting something.
Something says, "I'm a little confused."
Something hits you but does no damage.
Erdrick hits something with a dagger of draining!
You hit something. You hit something but do no damage.
Erdrick barely misses something.
You hear a zap.
A bolt of acid appears from out of thin air!
The bolt of acid hits you!
* * * LOW HITPOINT WARNING * * *
The acid corrodes you!
You are splashed with acid!
The acid burns!
You die...

#.#.#
###.#.....##..##...####.<.
....#
#...#.#....###..........
#####
#.....###..#...#.#......
###....##..#[#.#.##.....
###.......[..#.##.....
#.......)#.#........
#..............#....
##.R....#..#.#......
#.@{.....##.###....
#......####.# ##...
#.#..#.# #.# #... #......#
#.# #... #......# #.# #...
##..##..# #.##...>.
#...###.# ..##.. #.... ..
.# #.. #..## .. ...


You could see the friendly Erdrick the hexer.

Vanquished Creatures
  Pikel (D:3)
  A hornet (D:6)
  A wyvern (D:8)
  2 ice beasts
  2 phantoms
  A black bear (D:7)
  A centaur (D:7)
  5 ogres
  3 bullfrogs
  A wyvern skeleton (D:7)
  4 killer bees (D:7)
  An electric eel (D:7)
  4 crimson imps
  2 hounds
  A jelly (D:8)
  2 quasits (D:7)
  A centaur skeleton (D:7)
  5 orc priests
  A human zombie (Ossuary)
  A bullfrog skeleton (D:4)
  Natasha (twice) (D:4)
  4 orc wizards
  5 worker ants
  A hound skeleton (D:5)
  2 mummies
  A worker ant zombie (D:5)
  4 gnolls (D:3)
  11 adders
  7 river rats (D:5)
  A shadow imp (D:8)
  An adder zombie (D:8)
  5 dart slugs
  7 leopard geckos
  23 orcs
  2 ball pythons (D:2)
  5 giant cockroaches
  10 goblins
  8 hobgoblins
  3 jackals (D:1)
  4 quokkas
  5 bats
  3 frilled lizards
  2 goblin zombies (Ossuary)
  7 hobgoblin zombies (Ossuary)
  2 jackal zombies
  3 kobolds
  11 kobold zombies
  4 orc zombies (Ossuary)
  A quokka skeleton (D:6)
  16 rats
  A rat zombie (Ossuary)
201 creatures vanquished.

Vanquished Creatures (collateral kills)
  An orc warrior (D:6)
  A centaur (D:5)
  2 elf zombies (Ossuary)
  2 centaur zombies
  A crimson imp (D:8)
  2 hounds
  An orc priest (D:5)
  A worker ant (D:5)
  2 orc wizards
  A hound zombie (D:5)
  A mummy (Ossuary)
  An adder (D:5)
  3 river rats (D:5)
  2 adder skeletons (D:5)
  4 leopard geckos
  9 orcs
  2 hobgoblin zombies (Ossuary)
  5 kobold zombies (Ossuary)
  2 orc zombies (Ossuary)
  A rat (D:5)
44 creatures vanquished.

Vanquished Creatures (others)
  A hexer (D:8)
  Natasha (D:4)
  A worker ant (D:4)
  An ancestor (D:5)
  A worm (D:4)
  An orc (D:4)
6 creatures vanquished.

Grand Total: 251 creatures vanquished

Notes
Turn   | Place    | Note
-------+----------+-------------------------------------------
     0 | D:1      | CountDeLaPain the Halfling Fighter began the quest for the Orb.
     0 | D:1      | Reached XP level 1. HP: 15/15 MP: 1/1
   144 | D:1      | Reached XP level 2. HP: 17/20 MP: 2/2
   463 | D:1      | Reached XP level 3. HP: 21/25 MP: 3/3
   957 | D:2      | Reached skill level 3 in Short Blades
  1157 | D:2      | Reached XP level 4. HP: 30/30 MP: 4/4
  1572 | D:3      | Reached XP level 5. HP: 35/36 MP: 5/5
  2244 | D:3      | Reached skill level 4 in Short Blades
  2584 | D:3      | Reached XP level 6. HP: 33/42 MP: 6/6
  2655 | D:3      | Reached skill level 1 in Dodging
  2657 | D:3      | Upgraded the game from 0.19-a0-1815-g4007336 to 0.19-a0-1821-g42c593c
  2899 | D:3      | Noticed an orc warrior
  2942 | D:4      | Noticed Pikel
  2942 | D:4      | Noticed a slave
  2942 | D:4      | Noticed a slave
  2942 | D:4      | Noticed a slave
  2942 | D:4      | Noticed a slave
  2942 | D:4      | Noticed an ogre
  3198 | D:3      | HP: 2/42 [Pikel/whip of freezing (1)]
  3204 | D:3      | Killed Pikel
  3204 | D:3      | Reached skill level 6 in Short Blades
  3204 | D:3      | Reached skill level 5 in Armour
  3204 | D:3      | Reached skill level 5 in Shields
  3204 | D:3      | Reached XP level 7. HP: 2/46 MP: 7/7
  3204 | D:3      | Reached XP level 8. HP: 3/53 MP: 8/8
  3846 | D:4      | Noticed Natasha
  3864 | D:4      | Killed Natasha
  3864 | D:4      | Reached skill level 7 in Short Blades
  3897 | D:4      | Killed Natasha
  3903 | D:4      | Noticed Natasha
  3916 | D:4      | Killed Natasha
  4144 | D:4      | Found a staircase to the Ecumenical Temple.
  4159 | Temple   | Entered the Ecumenical Temple
  4279 | Temple   | Became a worshipper of Hepliaklqana the Forgotten
  4551 | D:5      | Entered Level 5 of the Dungeon
  4728 | D:5      | Reached skill level 8 in Short Blades
  4779 | D:5      | Found a sand-covered staircase.
  4786 | Ossuary  | Entered an ossuary
  4786 | Ossuary  | Reached * piety under Hepliaklqana
  4953 | Ossuary  | Reached XP level 9. HP: 52/52 MP: 9/9
  5368 | D:5      | Reached skill level 9 in Short Blades
  6850 | D:6      | Found a shadowy altar of Dithmenos.
  6876 | D:6      | Noticed a hornet
  6896 | D:6      | Killed a hornet
  7003 | D:6      | Reached ** piety under Hepliaklqana
  7004 | D:6      | Remembered your ancestor Erdrick as a hexer
  8203 | D:7      | Reached skill level 10 in Short Blades
  8291 | D:7      | Reached XP level 10. HP: 34/58 MP: 10/10
  8609 | D:7      | Reached *** piety under Hepliaklqana
  9632 | D:8      | Reached skill level 5 in Fighting
  9732 | D:8      | Reached skill level 11 in Short Blades
 10307 | D:8      | Noticed Maurice
 10347 | D:8      | Splashed by Maurice's acid

Vault maps used:
D:1:      wheals_arrival_shading, dk_noncrumbling_4
D:2:      first_bread
D:4:      uniq_pikel, uniq_natasha
D:5:      nicolae_ossuary_entry_giza, grunt_ministairs_8, dk_rats_in_the_wall
D:6:      nicolae_dithmenos_the_darkroom
D:7:      kennysheep_big_flooded_room, grunt_ogre_cave
D:8:      serial_shops, shop, st_stairs_9, uniq_maurice, uniq_joseph,
          uniq_psyche
Temple:   compressed_dpeg_circular_temple
Ossuary:  ossuary_tomb_1

Skill      XL: |  1  2  3  4  5  6  7  8  9 10 |
---------------+-------------------------------+-----
Short Blades   | 3 4 6 8 10 11 | 11.1
Fighting       | 3 4 5 |  5.0
Armour         | 4 5 6 7 |  7.8
Shields        | 4 5 6 7 8 |  8.1
Dodging        | 2 4 |  4.2

Action                   |  1- 3 |  4- 6 |  7- 9 | 10-12 || total
-------------------------+-------+-------+-------+-------++-------
Melee: Rapier            |   127 |   206 |   502 |   187 ||  1022
Invok: Ancestor Identity |       |       |     1 |       ||     1
       Recall Ancestor   |       |       |     1 |       ||     1
       Ancestor Life: He |       |       |     1 |       ||     1
  Use: Scroll            |     1 |     2 |     6 |       ||     9
       Potion            |       |     2 |     1 |     1 ||     4
 Stab: Distracted        |       |       |     5 |     2 ||     7
       Confused          |       |       |     1 |     5 ||     6
  Eat: Chunk             |     1 |     7 |    15 |     6 ||    29
       Fruit             |       |       |     2 |       ||     2
Armor: Scale mail        |    53 |    87 |   133 |       ||   273
       Chain mail        |       |       |    10 |    66 ||    76
Dodge: Dodged            |    45 |    73 |   176 |    63 ||   357
Block: Shield            |    76 |   102 |   219 |   113 ||   510
